Map: 莱瑞拉克之冠

Players

AFreeWin - Winner!

  • Race: Zerg Zerg

shengy

  • Race: Zerg Zerg
  • League: Gold

VOD

Have the link to the VOD?

Description

Time

  • Played on: Nov. 24, 2015, 10:15 p.m.
  • Length: 11:26
Show
View Real Time Build Order
Export as new Build Order

AFreeWin Zerg - Winner!

Build Orders: 3 Hatch before Pool 

Get SALT Encoding   

  12  0:02  Drone  
  13  0:10  Drone  
  14  0:17  Overlord  
  14  0:36  Drone x3  
  17  0:56  Drone  
  18  0:58  Hatchery  
  17  1:05  Drone  
  18  1:24  Hatchery  
  17  1:30  Spawning Pool  
  16  1:33  Extractor  
  16  1:35  Drone  
  16  1:38  Drone  
  17  1:41  Drone  
  18  1:52  Drone  
  19  2:00  Drone  
  20  2:10  Drone  
  21  2:20  Drone  
  22  2:27  Baneling Nest, Queen  
  22  2:29  Queen  
  23  2:30  Drone  
  23  2:31  Drone  
  23  2:36  Drone x2  
  29  2:45  Drone x2  
  31  2:54  Zergling x6  
  32  3:12  Zergling x4  
  34  3:19  Baneling x3  
  32  3:20  Baneling  
  32  3:23  Baneling x2  
  30  4:00  Drone x2  
  31  4:06  Drone, Roach Warren  
  31  4:07  Extractor, Zergling x6  
  31  4:08  Metabolic Boost  
  32  4:12  Baneling  
  32  4:18  Zergling x2  
  33  4:25  Spine Crawler  
  33  4:28  Baneling x2  
  33  4:30  Drone  
  33  4:34  Spine Crawler  
  32  4:43  Overlord x2  
  32  4:48  Overlord x3  
  32  4:55  Drone  
  33  5:11  Baneling  
  33  5:12  Baneling  
  33  5:13  Zergling x10  
  37  5:20  Baneling  
  37  5:21  Roach x4  
  41  5:25  Queen  
  47  5:38  Roach x3  
  52  5:46  Roach x2  
  52  5:48  Baneling  
  56  5:55  Baneling  
  56  6:07  Drone x7  
  56  6:09  Baneling  
  62  6:16  Drone  
  62  6:17  Queen  
  65  6:20  Drone  
  66  6:25  Drone  
  66  6:31  Drone  
  63  6:50  Roach x2  
  63  6:51  Roach x5  
  72  6:59  Drone x2  
  72  7:00  Drone x2  
  74  7:05  Lair  
  74  7:18  Overlord  
  74  7:19  Overlord x2  
  74  7:27  Overlord x3  
  74  7:36  Queen  
  77  7:37  Drone x3  
  77  7:38  Drone x3  
  77  7:39  Drone  
  77  7:43  Extractor  
  82  7:46  Extractor  
  81  7:52  Drone x3  
  81  7:54  Drone x4  
  81  7:55  Drone  
  89  8:05  Glial Reconstitution  
  89  8:11  Hydralisk Den  
  88  8:17  Drone x4  
  92  8:21  Extractor  
  92  8:23  Roach x2  
  92  8:24  Extractor, Roach x3  
  100  8:31  Evolution Chamber  
  99  8:36  Evolution Chamber  
  98  8:51  Roach x4  
  98  8:52  Roach x4  
  98  8:54  Hatchery, Extractor  
  112  8:56  Extractor  
  111  9:07  Roach x2  
  113  9:22  Hydralisk x3  
  113  9:25  Overlord x5  
  113  9:27  Muscular Augments  
  113  9:28  Zerg Missile Weapons Level 1  
  113  9:31  Zerg Ground Armor Level 1  
  113  9:38  Overlord x2  
  112  9:56  Hatchery  
  111  10:00  Roach x2  
  111  10:01  Hydralisk, Roach  
  111  10:02  Hydralisk x4  
  111  10:06  Overseer  
  127  10:14  Spine Crawler x2  
  126  10:16  Drone x2  
  126  10:17  Roach x2  
  131  10:22  Drone x2  
  131  10:26  Hydralisk x2  
  137  10:32  Ravager  
  137  10:33  Ravager x3  
  141  10:45  Ravager x2  
  137  10:54  Hydralisk x3  
  137  10:56  Roach  
Show
View Real Time Build Order
Export as new Build Order

shengy Zerg 

Build Orders: Pool First 

Get SALT Encoding   

  12  0:01  Drone  
  13  0:08  Drone  
  14  0:21  Overlord  
  14  0:35  Spawning Pool  
  13  0:37  Drone  
  13  0:41  Extractor  
  13  0:44  Drone  
  13  0:48  Drone  
  15  0:52  Drone  
  16  1:00  Drone  
  17  1:26  Hatchery  
  16  1:34  Queen  
  18  1:41  Metabolic Boost  
  18  1:46  Zergling x2  
  19  2:01  Zergling x6  
  22  2:12  Overlord  
  22  2:30  Queen  
  22  2:33  Zergling x2  
  25  2:40  Overlord  
  25  2:41  Overlord  
  25  2:52  Zergling x8  
  27  3:11  Zergling x8  
  30  3:25  Drone  
  30  3:26  Drone x2  
  24  4:10  Drone x6  
  29  4:17  Baneling Nest  
  29  4:19  Zergling x12  
  34  4:29  Extractor  
  33  4:33  Evolution Chamber  
  32  4:45  Drone x3  
  35  4:46  Drone  
  36  4:57  Zergling x8  
  36  4:58  Zergling x4  
  38  5:23  Overlord  
  38  5:24  Overlord  
  38  5:25  Drone x3  
  38  5:26  Drone  
  42  5:30  Lair  
  42  5:32  Zerg Ground Armor Level 1  
  42  5:37  Baneling x3  
  42  5:38  Baneling x4  
  42  5:39  Hatchery  
  41  5:47  Zergling x8  
  44  6:02  Zergling x2  
  45  6:17  Drone x3  
  48  6:19  Roach Warren  
  48  6:20  Extractor  
  44  6:54  Drone x2  
  41  6:59  Queen  
  39  7:04  Baneling x2  
  39  7:10  Glial Reconstitution  
  39  7:17  Roach x3  
  39  7:18  Roach x8  
  39  7:19  Roach x2  
  65  7:24  Overseer  
  65  7:28  Drone x2  
  67  7:32  Roach x2  
  67  7:33  Roach  
  67  7:34  Overlord  
  73  7:46  Overlord x2  
  73  7:53  Drone x2  
  73  7:58  Drone x5  
  78  7:59  Drone  
  78  8:02  Zerg Missile Weapons Level 1  
  81  8:06  Ravager  
  81  8:12  Extractor  
  81  8:16  Extractor  
  81  8:19  Drone x4  
  85  8:20  Drone x2, Ravager  
  87  8:27  Ravager  
  87  8:33  Zergling x6  
  87  8:34  Zergling x12  
  97  8:56  Baneling  
  97  8:57  Baneling x3  
  97  8:59  Overlord  
  97  9:00  Overlord x2  
  85  9:23  Roach x7  
  85  9:24  Roach x5  
  106  9:34  Overlord x2  
  106  9:35  Drone x5  
  106  9:36  Drone  
  112  9:41  Extractor  
  111  9:50  Hatchery  
  107  10:05  Roach  
  107  10:06  Roach x7  
  123  10:22  Hydralisk Den, Overlord x4  
  122  10:33  Baneling x3  
  122  10:34  Baneling x3  
  122  10:36  Extractor  
  101  10:55  Roach  
  101  10:56  Roach x5  
  101  10:57  Roach x9  
Tags
 
Add a new tag
Caveats
  • Supply blocks, unpowered buildings, or Contaminate may cause inaccurate times.
  • Supply counts are checked every 10 seconds.